 Dungeon Crawl Stone Soup version 0.31-a0-210-gccc998df9b (webtiles) character file.

Game seed: 14729188325704165859

107 Pooter the Chopper (level 4, 0/40 HPs)
             Began as a Minotaur Berserker on June 29, 2023.
             Was a Believer of Trog.
             Slain by an adder (3 damage)
             ... on level 3 of the Dungeon on June 30, 2023.
             The game lasted 00:07:04 (1214 turns).

Pooter the Chopper (Minotaur Berserker)             Turns: 1214, Time: 00:07:04

Health: 0/40       AC:  6    Str: 24    XL:     4   Next: 57%
Magic:  3/3        EV: 10    Int:  4    God:    Trog [**....]
Gold:   69         SH:  0    Dex:  9    Spells: 3/3 levels left

rFire   . . .        m - +0 quarterstaff
rCold   . . .        (shield currently unavailable)
rNeg    . . .        f - +0 scale mail
rPois   .            (helmet restricted)
rElec   .            (no cloak)
rCorr   .            (no gloves)
SInv    .            (no boots)
Will    .....        d - amulet of regeneration Stlth
                     (no ring)
HPRegen 1.06/turn    (no ring)
MPRegen 0.08/turn

%: no passive effects
@: lethally poisoned (0 -> -1), on berserk cooldown, slowed, very slow
A: horns 2, retaliatory headbutt
a: Renounce Religion, Berserk, Trog's Hand


You were on level 3 of the Dungeon.
You worshipped Trog.
Trog was pleased with you.
You visited 1 branch of the dungeon, and saw 3 of its levels.

You collected 69 gold pieces.

Inventory:

Hand Weapons
 a - a +0 hand axe
 b - a +0 sling
   (You found it on level 1 of the Dungeon)
 m - a +0 quarterstaff (weapon)
   (You found it on level 1 of the Dungeon)
Missiles
 h - 3 poisoned darts (quivered)
 n - 3 boomerangs
 Q - 17 stones
Armour
 f - a +0 scale mail (worn)
   (You found it on level 1 of the Dungeon)
Jewellery
 d - an amulet of regeneration (around neck)
   (You found it on level 1 of the Dungeon)
 g - an amulet of reflection
   (You found it on level 1 of the Dungeon)
Scrolls
 j - 3 scrolls of enchant armour {unknown}
 k - a scroll of enchant weapon
 o - a scroll of vulnerability {!r}
 p - 3 scrolls of noise {unknown}
 q - a scroll of fear
 t - 5 scrolls of teleportation {@r4}
Potions
 c - a potion of lignification {unknown}
 e - a potion of invisibility {unknown}
 l - 3 potions of curing {unknown}
 r - a potion of brilliance {unknown}


   Skills:
 + Level 4.2 Fighting
 * Level 4.8 Axes
 + Level 1.3 Ranged Weapons
 - Level 2.4 Armour
 - Level 2.1 Dodging
 * Level 2.1 Stealth


You had 3 spell levels left.
You didn't know any spells.
Your spell library was empty.

Dungeon Overview and Level Annotations

Branches:
Dungeon (3/15) Zot: 16761

Altars:
Vehumet


Innate Abilities, Weirdness & Mutations

You have a pair of horns on your head.
You reflexively headbutt those who attack you in melee.


Message History

You miss the adder.
You feel the effects of Trog's Hand fading.
The gnoll shouts!
The adder bites you but does no damage. The gnoll closely misses you.
You closely miss the adder. The adder closely misses you. x2
The gnoll hits you from afar with a +0 halberd!
You barely miss the adder. The adder bites you.
You barely miss the adder. Your headbutt misses the adder.
The gnoll closely misses you. The adder closely misses you.
You miss the adder. Your headbutt misses the adder.
The gnoll hits you from afar with a +0 halberd.
The adder barely misses you.
You miss the adder. The adder bites you but does no damage.
The gnoll barely misses you.
You hit the adder. Your headbutt misses the adder.
You are no longer berserk.
You are exhausted.
You feel yourself slow down.
Your skin stops crawling.
You feel less strong-willed. The adder bites you.
You are poisoned.
The adder poisons you!
The gnoll hits you from afar with a +0 halberd.
An orc comes into view. It is wielding a +0 club.
You feel sick.
The orc shouts!
You hear an angry hiss.
The gnoll barely misses you.
An adder comes into view.
The adder closely misses you. You furiously retaliate!
You headbutt the adder, but do no damage.
You hit the gnoll.
You feel sick. The adder bites you.
* * * LOW HITPOINT WARNING * * *
You are more poisoned.
The adder poisons you! The gnoll barely misses you.
The adder barely misses you. The gnoll hits you with a +0 halberd.
* * * LOW HITPOINT WARNING * * *
The adder bites you but does no damage.
You hit the gnoll.
You feel very sick. The gnoll barely misses you. The adder bites you.
* * * LOW HITPOINT WARNING * * *
You are more poisoned.
The adder poisons you! The adder barely misses you.
The gnoll hits you with a +0 halberd!
* * * LOW HITPOINT WARNING * * *
You hit the gnoll.
* * * LOW HITPOINT WARNING * * *
You feel very sick. The adder barely misses you. The gnoll barely misses you.
The adder bites you.
You die...

##### ##.#.##
#...#####.###.###
#........## ##...
#...#####)###.##.
#######.##
##.#.###.
........# ##.##
#. ######..# #.#
#.
#########..######
#.# #"
......gS@....<..#
#.# #.
....#.###g#####.#
#<####. . # #o#
#.# #...... #S#
#.########. #.#
#..........
.g.wg....#
###########
.####.##.# #S .#
# .#


You could see 2 gnolls, 2 adders and an orc.

Vanquished Creatures
  Jessica (D:2)
  2 gnolls (D:3)
  An adder (D:2)
  2 worms (D:2)
  2 ball pythons
  10 bats
  3 endoplasms (D:1)
  6 giant cockroaches
  2 goblins (D:1)
  5 jackals
  2 quokkas (D:2)
  6 frilled lizards (D:2)
  4 rats
46 creatures vanquished.

Notes
Turn   | Place    | Note
-------+----------+-------------------------------------------
     0 | D:1      | Pooter the Minotaur Berserker began the quest for the Orb.
     0 | D:1      | Reached XP level 1. HP: 19/19 MP: 0/0
   223 | D:1      | Reached XP level 2. HP: 27/27 MP: 1/1
   331 | D:1      | Reached skill level 1 in Stealth
   646 | D:2      | Reached XP level 3. HP: 33/33 MP: 2/2
   664 | D:2      | Reached ** piety under Trog
   678 | D:2      | Found a radiant altar of Vehumet.
   683 | D:2      | Noticed Jessica
   685 | D:2      | Killed Jessica
   686 | D:2      | Reached skill level 1 in Ranged Weapons
   747 | D:2      | Reached XP level 4. HP: 40/40 MP: 3/3
  1214 | D:3      | Slain by an adder

Illustrated notes

Levels and vault maps discovered:
D:1:      grunt_arrival_lava_bath, layout_basic, serial_corexii_hall,
          chequers_hall_statues_y, corexii_hall_statues_i, serial_bayou_pond_c,
          minmay_misc_feat_roman, minmay_tiny_reverse_x
D:2:      layout_basic, basic_altar, minmay_split_cup_small, uniq_jessica
D:3:      layout_loops_ring, uniq_natasha, uniq_ijyb

Skill      XL: |  1  2  3  4 |
---------------+-------------+-----
Axes           | 4 |  4.8
Stealth        | 1 2 |  2.1
Fighting       | 4 |  4.2
Ranged Weapons | 1 |  1.3
Armour         | |  2.4
Dodging        | |  2.1

Action                     |  1- 3 |  4- 6 || total
---------------------------+-------+-------++-------
  Melee: Hand axe          |    24 |       ||    24
         Headbutt          |     4 |     2 ||     6
         Quarterstaff      |    42 |    33 ||    75
   Fire: Sling             |     3 |       ||     3
  Throw: Boomerang         |     2 |       ||     2
         Dart              |       |     2 ||     2
 Invoke: Berserk           |       |     1 ||     1
         Trog's Hand       |       |     1 ||     1
    Use: Scroll            |     3 |     1 ||     4
 Armour: Scale mail        |    28 |    14 ||    42
         Animal skin       |     2 |       ||     2
  Dodge: Dodged            |    47 |    38 ||    85

Table legend: (Time is in decaauts)
 A = Elapsed time spent in this place.
 B = Non-inter-level travel time spent in this place.
 C = Inter-level travel time spent in this place.
 D = Time resting spent in this place.
 E = Time spent auto-exploring this place.
 F = Levels seen in this place.
 G = Mean time per level.
                   A        B        C        D        E       F      G
               +--------+--------+--------+--------+--------+-----+--------+
         Total |   1236 |   1202 |     34 |      2 |    866 |   3 |  412.0 |
       Dungeon |   1236 |   1202 |     34 |      2 |    866 |   3 |  412.0 |
               +--------+--------+--------+--------+--------+-----+--------+

Top non-repeatable levels by time:
     D:2: 601 daAuts
     D:1: 534 daAuts
     D:3: 101 daAuts
